 Dungeon Crawl Stone Soup version 0.29-a0-1027-gcd8c55af63 (webtiles) character file.

Game seed: 4600129946328903967

601 xian the Skirmisher (level 7, -5/36 HPs)
             Began as a Spriggan Hunter on Aug 13, 2022.
             Slain by a lemure (9 damage)
             ... led by Pikel
             ... on level 5 of the Dungeon.
             The game lasted 00:08:16 (2908 turns).

xian the Skirmisher (Spriggan Hunter)               Turns: 2908, Time: 00:08:18

Health: -5/36      AC:  2    Str:  7    XL:     7   Next: 18%
Magic:  8/8        EV: 18    Int: 10    God:
Gold:   259        SH:  0    Dex: 21    Spells: 6/6 levels left

rFire   . . .      SeeInvis +   s - +1 dagger (venom)
rCold   . . .      Faith    .   (no shield)
rNeg    . . .      Spirit   .   c - +0 robe
rPois   .          Reflect  .   (helmet restricted)
rElec   .          Harm     .   z - scarf {+Inv}
rCorr   .          Rampage  .   (gloves unavailable)
Will    +....                   (boots unavailable)
Stlth   ++........              k - amulet of regeneration
HPRegen 0.92/turn               (no ring)
MPRegen 0.11/turn               (no ring)

@: very quick
A: very small, no large weapons, unfitting armour, see invisible, speed 3
a: Evoke Invisibility


You were on level 5 of the Dungeon.
You visited 1 branch of the dungeon, and saw 5 of its levels.

You collected 259 gold pieces.

Inventory:

Hand Weapons
 a - a +0 shortbow
 s - a +1 dagger of venom (weapon)
Missiles
 n - 5 atropa-tipped darts
Armour
 c - a +0 robe (worn)
 z - a scarf of invisibility (worn)
Jewellery
 k - an amulet of regeneration (around neck)
Wands
 x - a wand of polymorph (10)
Scrolls
 b - a scroll of immolation
 g - a scroll of butterflies
 p - a scroll of magic mapping
 q - a scroll of enchant armour
 t - a scroll of blinking
 v - a scroll of teleportation
 y - a scroll of silence
Potions
 d - 2 potions of heal wounds {unknown}
 e - 2 potions of flight {unknown}
 h - 4 potions of curing
 i - 2 potions of haste {unknown}
 j - a potion of might
 l - 3 potions of attraction
 m - a potion of cancellation {unknown}
 r - 3 potions of brilliance
 u - 2 potions of degeneration {unknown}
 w - a potion of lignification {unknown}


   Skills:
 + Level 3.0 Fighting
 + Level 8.0 Ranged Weapons
 + Level 3.1 Dodging
 + Level 2.0 Stealth


You had 6 spell levels left.
You didn't know any spells.
Your spell library contained the following spells:

 Spells                   Type           Power      Damage    Failure   Level
 Animate Dead             Necr           0%         N/A       98%         4
 Fireball                 Conj/Fire      0%         3d3       100%        5
 Starburst                Conj/Fire      0%         6d3       100%        6
 Haunt                    Necr/Summ      0%         N/A       100%        7
 Ignition                 Fire           0%         3d3       100%        8
 Infestation              Necr           0%         N/A       100%        8


Dungeon Overview and Level Annotations

Branches:
Dungeon (5/15)
 Temple: D:4-7

Altars:
Ashenzari
Elyvilon
Trog
Uskayaw
Wu Jian

Annotations:
D:5 Pikel


Innate Abilities, Weirdness & Mutations

You are very small and have problems with some larger weapons.
You are too small for most types of armour.
You have supernaturally acute eyesight. (SInv)
You cover ground extremely quickly. (Speed+++)


Message History

Okay, then.
Fire: a) +0 shortbow
Press: ? - help, Q - select action, (/) - cycle Shift-Dir - straight line, f/p - Pikel
Aim: Pikel, wielding a +0 whip of electrocution and wearing a +1 robe of willpower (almost dead, 61% to hit)
You shoot an arrow. The arrow closely misses Pikel.
Unknown command.
Fire: a) +0 shortbow
Press: ? - help, Q - select action, (/) - cycle Shift-Dir - straight line, f/p - Pikel
Aim: Pikel, wielding a +0 whip of electrocution and wearing a +1 robe of willpower (almost dead, 61% to hit)
You shoot an arrow.
The arrow hits Pikel but does no damage.
Pikel is almost dead.
Pikel hits you with a +0 whip of electrocution!
The lemure misses you.
Fire: a) +0 shortbow
Press: ? - help, Q - select action, (/) - cycle Shift-Dir - straight line, f/p - Pikel
Aim: Pikel, wielding a +0 whip of electrocution and wearing a +1 robe of willpower (almost dead, 61% to hit)
You shoot an arrow.
The arrow hits Pikel but does no damage.
Pikel is almost dead.
The lemure closely misses you. Pikel closely misses you.
Fire: a) +0 shortbow
Press: ? - help, Q - select action, (/) - cycle Shift-Dir - straight line, f/p - Pikel
Aim: Pikel, wielding a +0 whip of electrocution and wearing a +1 robe of willpower (almost dead, 61% to hit)
You shoot an arrow.
The arrow hits Pikel but does no damage.
Pikel is almost dead.
The lemure hits you. The lemure closely misses you. Pikel closely misses you.
The lemure completely misses you.
Your +1 dagger of venom begins to drip with poison!
s - a +1 dagger of venom (weapon)
Pikel hits you but does no damage.
You are electrocuted!
The lemure misses you. The lemure barely misses you. The lemure misses you.
You hit Pikel.
Pikel is poisoned.
Pikel is almost dead.
The lemure hits you. The lemure completely misses you.
Pikel hits you with a +0 whip of electrocution!
* * * LOW HITPOINT WARNING * * *
The lemure hits you!
You die...

#.......#..).#
#.......#..).# ..
#.......#....# ...
#.......###'## ...#
#########...###...#
#...).......
#...o.......
#..55K5.....
#...@5......
############


You could see Pikel (poisoned), 4 lemures and an orc.

Vanquished Creatures
  A black bear (D:4)
  An ogre (D:5)
  A necrophage (D:5)
  2 scorpions (D:4)
  A hound (D:5)
  An iguana (D:5)
  3 gnolls (D:3)
  7 adders
  An ufetubus (D:4)
  A worm (D:5)
  A dart slug (D:1)
  11 orcs
  3 ball pythons
  9 endoplasms
  4 giant cockroaches
  5 goblins
  14 hobgoblins
  8 kobolds
  2 quokkas
  7 bats
  2 frilled lizards
  4 rats
89 creatures vanquished.

Vanquished Creatures (others)
  3 plants (D:4)
3 creatures vanquished.

Grand Total: 92 creatures vanquished

Notes
Turn   | Place    | Note
-------+----------+-------------------------------------------
     0 | D:1      | xian the Spriggan Hunter began the quest for the Orb.
     0 | D:1      | Reached XP level 1. HP: 10/10 MP: 2/2
   111 | D:1      | Found a faded altar of an unknown god.
   149 | D:1      | Reached XP level 2. HP: 8/14 MP: 3/3
   722 | D:1      | Reached skill level 5 in Ranged Weapons
   722 | D:1      | Reached XP level 3. HP: 18/18 MP: 4/4
   942 | D:2      | Reached XP level 4. HP: 18/23 MP: 5/5
  1439 | D:3      | Found a hide-covered altar of Uskayaw.
  1734 | D:3      | Reached XP level 5. HP: 26/26 MP: 6/6
  1803 | D:3      | Found a bloodstained altar of Trog.
  1809 | D:3      | Reached skill level 6 in Ranged Weapons
  2104 | D:4      | Found a broken altar of Ashenzari.
  2213 | D:4      | Noticed a black bear
  2224 | D:4      | Killed a black bear
  2225 | D:4      | Reached XP level 6. HP: 20/32 MP: 7/7
  2317 | D:4      | Reached skill level 7 in Ranged Weapons
  2434 | D:4      | Found a white marble altar of Elyvilon.
  2610 | D:5      | Entered Level 5 of the Dungeon
  2764 | D:5      | Found an ornate altar of the Wu Jian Council.
  2818 | D:5      | Reached skill level 8 in Ranged Weapons
  2818 | D:5      | Reached XP level 7. HP: 33/36 MP: 8/8
  2846 | D:5      | Noticed Pikel
  2908 | D:5      | Slain by a lemure

Illustrated notes

Levels and vault maps discovered:
D:1:      amcnicky_arrival_choice, layout_loops_ring,
          hellmonk_ecumenical_altar_arch_garden, chequers_serial_rivers_micro_d,
          serial_bayou_pond_b, minivault_26
D:2:      layout_rooms
D:3:      layout_loops_cross, mainiacjoe_overflow_catwalk,
          nicolae_uskayaw_suspiria, minivault_25
D:4:      layout_basic, mainiacjoe_overflow_brackets,
          nicolae_elyvilon_temple_path
D:5:      layout_gridville, marbit_many_paths,
          mainiacjoe_overflow_small_starburst, uniq_pikel

Skill      XL: |  1  2  3  4  5  6 |
---------------+-------------------+-----
Ranged Weapons | 5 6 8 |  8.0
Fighting       | 2 3 |  3.0
Dodging        | 3 |  3.1
Stealth        | 2 |  2.0

Action                   |  1- 3 |  4- 6 |  7- 9 || total
-------------------------+-------+-------+-------++-------
Melee: Dagger            |       |       |     1 ||     1
 Fire: Shortbow          |    87 |   166 |    34 ||   287
  Use: Scroll            |       |    10 |     1 ||    11
Armor: Robe              |     2 |     2 |     4 ||     8
Dodge: Dodged            |    56 |    44 |    26 ||   126

Table legend: (Time is in decaauts)
 A = Elapsed time spent in this place.
 B = Non-inter-level travel time spent in this place.
 C = Inter-level travel time spent in this place.
 D = Time resting spent in this place.
 E = Time spent auto-exploring this place.
 F = Levels seen in this place.
 G = Mean time per level.
                   A        B        C        D        E       F      G
               +--------+--------+--------+--------+--------+-----+--------+
         Total |   2035 |   1971 |     64 |      0 |   1384 |   5 |  407.0 |
       Dungeon |   2035 |   1971 |     64 |      0 |   1384 |   5 |  407.0 |
               +--------+--------+--------+--------+--------+-----+--------+

Top non-repeatable levels by time:
     D:1: 625 daAuts
     D:3: 456 daAuts
     D:4: 392 daAuts
     D:2: 329 daAuts
     D:5: 230 daAuts
